 Dungeon Crawl Stone Soup version 0.31-a0-276-ge00219d475 (webtiles) character file.

Game seed: 18170561452311244937

7426 Querens the Grappler (level 10, -2/106 HPs)
             Began as a Troll Monk on July 15, 2023.
             Was a High Priest of Okawaru.
             Succumbed to a hornet's poison
             ... on level 10 of the Dungeon.
             The game lasted 00:19:11 (5284 turns).

Querens the Grappler (Troll Monk)                   Turns: 5284, Time: 00:19:11

Health: -2/106     AC:  9    Str: 25    XL:     10   Next: 93%
Magic:  9/9        EV: 10    Int:  6    God:    Okawaru [*****.]
Gold:   257        SH:  0    Dex: 18    Spells: 9/9 levels left

rFire   . .          .
                       - Unarmed
rCold   . . .        (no shield)
rNeg    . . .        U - +1 robe
rPois   .            (helmet restricted)
rElec   .            (no cloak)
rCorr   .            (gloves unavailable)
SInv    .            (boots unavailable)
Will    .....        l - amulet of regeneration
Stlth   ++           e - +6 ring of dexterity
HPRegen 1.97/turn    o - +4 ring of protection
MPRegen 0.11/turn

%: no passive effects
@: lethally poisoned (-2 -> -11), hasted and slowed
A: large, unfitting armour, claws 3, regeneration 1, shaggy fur 1, tough skin 1
a: Renounce Religion, Heroism, Finesse, Duel


You were on level 10 of the Dungeon.
You worshipped Okawaru.
Okawaru was extremely pleased with you.
You visited 2 branches of the dungeon, and saw 11 of its levels.

You collected 542 gold pieces.
You spent 285 gold pieces at shops.

Inventory:

Hand Weapons
 I - the +4 hand axe of Valiance {heavy, rElec rN+}
   (You found it on level 8 of the Dungeon)

   rElec:     It insulates you from electricity.
   rN:        It protects you from negative energy.
Missiles
 g - 3 large rocks
 R - 4 throwing nets
Armour
 c - an orb of light
 K - a +0 kite shield
 U - a +1 robe (worn)
Jewellery
 e - a +6 ring of dexterity (left claw)
 l - an amulet of regeneration (around neck)
 o - a +4 ring of protection (right claw)
 t - an amulet of reflection
 B - an amulet of magic regeneration
 J - a ring of resist corrosion
 N - a ring of protection from fire
Talismans
 n - a serpent talisman
 G - a blade talisman
 L - a maw talisman
Wands
 q - a wand of flame (14)
 r - a wand of mindburst (20)
 D - a wand of roots (11)
 S - a wand of quicksilver (4)
Scrolls
 d - 3 scrolls of revelation {unknown}
 f - 6 scrolls of teleportation
 m - a scroll of blinking {unknown}
 p - a scroll of brand weapon {unknown}
 s - 2 scrolls of immolation
 u - a scroll of poison {unknown}
 x - a scroll of enchant weapon {unknown}
 y - 2 scrolls of silence {unknown}
 C - 2 scrolls of amnesia
 F - a scroll of acquirement {unknown}
 H - a scroll of fear {unknown}
 O - a scroll of fog {unknown}
 P - 3 scrolls of enchant armour {unknown}
 Q - a scroll of vulnerability {unknown}
Potions
 a - a potion of magic
 b - 2 potions of ambrosia
 h - a potion of haste
 j - 4 potions of invisibility
 k - 3 potions of attraction
 v - 2 potions of might
 w - 2 potions of brilliance
 z - 3 potions of mutation
 A - a potion of heal wounds {unknown}
 E - a potion of enlightenment {unknown}
 M - a potion of resistance {unknown}
 T - a potion of cancellation {unknown}


   Skills:
 + Level 8.9 Fighting
 - Level 2.4 Dodging
 + Level 10.4 Unarmed Combat
 + Level 7.7 Shapeshifting


You had 9 spell levels left.
You didn't know any spells.
Your spell library contained the following spells:

 Spells                   Type           Power      Damage    Failure   Level
 Orb of Destruction       Conj           0%         9d5       100%        7
 Summon Guardian Golem    Hex/Summ       Unusable   N/A       N/A         3
 Spellforged Servitor     Conj/Summ      Unusable   N/A       N/A         7

Dungeon Overview and Level Annotations

Branches:
Dungeon (10/15)            Temple (1/1) D:7             Orc (0/2) D:9
   Lair: D:8-11

Altars:
Ashenzari
Cheibriados
Dithmenos
Elyvilon
Fedhas
Gozag
Hepliaklqana
Kikubaaqudgha
Makhleb
Nemelex Xobeh
Okawaru
Qazlal
Ru
Sif Muna
Trog
Uskayaw
Vehumet
Wu Jian
Xom
Yredelemnul
Zin
The Shining One
Lugonu

Shops:
D:2 (   D:8 ?

Annotations:
D:7 2 transporters


Innate Abilities, Weirdness & Mutations

You are too large for most types of armour.
You have claws for hands.
Your natural rate of healing is unusually fast.
You are covered in fur. (AC +1)
You have tough skin. (AC +1)


Message History

Unknown command.
Unknown command.
Okay, then.
Okay, then.
You feel yourself speed up.
You feel very sick.
The hornet stings you but does no damage.
The hornet stings you.
* * * LOW HITPOINT WARNING * * *
You feel as though you will be slow longer.
Unknown command.
You scratch the hornet. Your claw misses the hornet.
The hornet is almost dead.
You feel sick. The hornet barely misses you.
You closely miss the hornet.
The hornet is almost dead.
The hornet stings you but does no damage.
You scratch the hornet but do no damage.
The hornet is almost dead.
You feel sick. The hornet stings you!
* * * LOW HITPOINT WARNING * * *
You are more poisoned.
You feel as though you will be slow longer.
The hornet closely misses you.
Unknown command.
You feel better. The hornet stings you!
* * * LOW HITPOINT WARNING * * *
You are poisoned.
You feel as though you will be slow longer.
You closely miss the hornet.
The hornet is almost dead.
* * * LOW HITPOINT WARNING * * *
You feel very sick. The hornet stings you.
* * * LOW HITPOINT WARNING * * *
You are more poisoned.
You feel as though you will be slow longer.
You scratch the hornet.
The hornet is almost dead.
You die...

##### ..... #.#.#
#[#.# ## #.#.#.
... #.
#.#.#.###.## #.
#.#.#......#.##.
#@#'##...# ...
#.y......######.##
#.................
#........#######..
#.................
######...####...#.
#...# #...## #...#
#...# #.[.# #...#


You could see a hornet.

Vanquished Creatures
  3 two-headed ogres
  A cyclops (D:10)
  Psyche (D:9)
  A komodo dragon (D:8)
  A jumping spider (shapeshifter) (D:8)
  A shadow (D:10)
  2 wyverns
  4 yaks (D:9)
  3 steam dragons
  2 water moccasins
  2 black bears
  2 sky beasts
  2 ogres
  4 centaurs
  A phantom (D:7)
  A kobold brigand (D:9)
  3 bullfrogs
  A gnoll sergeant (D:5)
  2 scorpions
  7 wights
  3 killer bees (D:8)
  4 howler monkeys
  3 hounds
  2 jellies
  3 gnoll boudas
  Ijyb (D:5)
  2 sleepcaps
  Terence (D:3)
  6 iguanas
  5 orc wizards
  16 gnolls
  4 adders
  2 white imps
  An ufetubus (D:6)
  A worm (D:2)
  6 dart slugs
  20 orcs
  7 endoplasms
  5 giant cockroaches
  14 goblins
  11 hobgoblins
  2 jackals (D:5)
  6 quokkas
  9 ball pythons
  6 bats
  3 frilled lizards
  13 kobolds
  7 rats
207 creatures vanquished.

Notes
Turn   | Place    | Note
-------+----------+-------------------------------------------
     0 | D:1      | Querens the Troll Monk began the quest for the Orb.
     0 | D:1      | Reached XP level 1. HP: 22/22 MP: 0/0
   113 | D:1      | Reached XP level 2. HP: 29/29 MP: 1/1
   337 | D:1      | Reached XP level 3. HP: 37/37 MP: 2/2
   804 | D:2      | Found Ibai's Weapon Emporium.
   818 | D:2      | Reached skill level 4 in Unarmed Combat
   880 | D:2      | Reached XP level 4. HP: 43/45 MP: 3/3
   946 | D:3      | Noticed Terence
   958 | D:3      | Killed Terence
   994 | D:3      | Identified the +5 ring mail of Philately {rElec}
  1012 | D:3      | Found a burning altar of Makhleb.
  1025 | D:3      | Reached XP level 5. HP: 52/54 MP: 4/4
  1750 | D:4      | Reached skill level 5 in Unarmed Combat
  1750 | D:4      | Reached skill level 1 in Shapeshifting
  1826 | D:5      | Entered Level 5 of the Dungeon
  1834 | D:5      | Noticed Ijyb
  1841 | D:5      | Killed Ijyb
  1842 | D:5      | Reached XP level 6. HP: 57/62 MP: 5/5
  1952 | D:5      | Noticed a water moccasin
  1959 | D:5      | Killed a water moccasin
  2032 | D:5      | Reached XP level 7. HP: 63/71 MP: 6/6
  2059 | D:5      | Found an ornate altar of the Wu Jian Council.
  2064 | D:5      | Found a glowing golden altar of the Shining One.
  2070 | D:5      | Found a shimmering blue altar of Sif Muna.
  2073 | D:5      | Found a sacrificial altar of Ru.
  2210 | D:5      | Reached skill level 6 in Unarmed Combat
  2285 | D:5      | Reached skill level 5 in Fighting
  3057 | D:6      | Reached XP level 8. HP: 56/81 MP: 7/7
  3299 | D:7      | Found a transporter.
  3300 | D:7      | Found a corrupted altar of Lugonu.
  3300 | D:7      | Noticed a brown ugly thing
  3300 | D:7      | Noticed a green ugly thing
  3301 | D:7      | Noticed a red ugly thing
  3413 | D:7      | Reached skill level 7 in Unarmed Combat
  3470 | D:7      | Found a transporter.
  3825 | D:7      | Found a staircase to the Ecumenical Temple.
  3830 | Temple   | Entered the Ecumenical Temple
  3897 | Temple   | Became a worshipper of Warmaster Okawaru
  3897 | Temple   | Reached * piety under Okawaru
  3897 | Temple   | Reached ** piety under Okawaru
  3968 | D:8      | Found Yffezaha's Magic Scroll Shoppe.
  3969 | D:8      | Noticed a jumping spider
  3971 | D:8      | Bought a scroll of identify for 30 gold pieces
  3971 | D:8      | Bought a scroll of teleportation for 45 gold pieces
  3971 | D:8      | Bought a scroll of amnesia for 60 gold pieces
  3971 | D:8      | Bought a scroll of immolation for 60 gold pieces
  3971 | D:8      | Bought a scroll of teleportation for 45 gold pieces
  3971 | D:8      | Bought a scroll of teleportation for 45 gold pieces
  3979 | D:8      | Killed a jumping spider
  3980 | D:8      | Reached XP level 9. HP: 64/90 MP: 8/8
  3988 | D:8      | Reached skill level 5 in Shapeshifting
  3993 | D:8      | Reached skill level 8 in Unarmed Combat
  3998 | D:8      | Identified the +4 hand axe of Valiance {heavy, rElec rN+}
  4099 | D:8      | Reached *** piety under Okawaru
  4217 | D:8      | Noticed a komodo dragon
  4231 | D:8      | Killed a komodo dragon
  4588 | D:9      | Reached skill level 9 in Unarmed Combat
  4650 | D:9      | Noticed a two-headed ogre
  4660 | D:9      | Killed a two-headed ogre
  4660 | D:9      | Reached **** piety under Okawaru
  4661 | D:9      | Reached XP level 10. HP: 104/104 MP: 9/9
  4695 | D:9      | Found a staircase to the Orcish Mines.
  4751 | D:9      | Noticed a two-headed ogre
  4759 | D:9      | Killed a two-headed ogre
  4903 | D:9      | Noticed Psyche
  4916 | D:9      | Killed Psyche
  4955 | D:9      | Reached ***** piety under Okawaru
  5059 | D:10     | Entered Level 10 of the Dungeon
  5066 | D:10     | Reached skill level 10 in Unarmed Combat
  5111 | D:10     | Noticed a two-headed ogre
  5118 | D:10     | Killed a two-headed ogre
  5118 | D:10     | Noticed a cyclops
  5131 | D:10     | Killed a cyclops
  5167 | D:10     | Found a radiant altar of Vehumet.
  5267 | D:10     | Received a gift from Okawaru
  5271 | D:10     | Paralysed by a hornet for 3 turns
  5282 | D:10     | HP: 3/106 [hornet (14)]
  5283 | D:10     | HP: 1/106 [hornet (1)]
  5284 | D:10     | Succumbed to a hornet's poison

Illustrated notes

Levels and vault maps discovered:
D:1:      dpeg_arrival_morbid_curiosity, layout_loops_ring
D:2:      layout_rooms, serial_shops, nicolae_shop_tiny_statue_garden
D:3:      layout_basic, mainiacjoe_overflow_tiny_flanked, grunt_ministairs_2,
          uniq_terence
D:4:      layout_gridville
D:5:      layout_loops_ring, grunt_temple_overflow_cloverleaf, chequers_avenue,
          uniq_ijyb
D:6:      layout_layer_cave
D:7:      gammafunk_corrupted_shrine, layout_loops_ring,
          minmay_temple_entry_butterflies
D:8:      layout_rooms, grunt_lair_entry_orc_guard_hut, serial_shops,
          nicolae_shop_trees
D:9:      layout_small_grid, orc_0_dummy, minmay_misc_feat_cross, uniq_psyche
D:10:     lemuel_flame_loot_2, layout_basic, vehumet_crystals
Temple:   eino_temple_rhombus

Skill      XL: |  1  2  3  4  5  6  7  8  9 10 |
---------------+-------------------------------+-----
Fighting       | 3 4 5 6 7 8 |  8.9
Unarmed Combat | 4 5 6 7 9 10 | 10.4
Shapeshifting  | 1 2 3 4 6 7 |  7.7
Dodging        | |  2.4

Action                     |  1- 3 |  4- 6 |  7- 9 | 10-12 || total
---------------------------+-------+-------+-------+-------++-------
  Melee: Unarmed           |    89 |   175 |   210 |   107 ||   581
         Punch             |     2 |     6 |     8 |     4 ||    20
 Invoke: Heroism           |       |       |       |     1 ||     1
  Evoke: Wand              |       |       |     5 |     3 ||     8
    Use: Scroll            |       |       |       |     9 ||     9
         Potion            |       |       |       |     3 ||     3
   Stab: Sleeping          |     3 |     3 |     1 |       ||     7
         Paralysed         |       |       |     7 |     5 ||    12
 Armour: Robe              |    24 |    69 |    96 |    30 ||   219
  Dodge: Dodged            |    36 |   108 |    97 |    47 ||   288

Table legend: (Time is in decaauts)
 A = Elapsed time spent in this place.
 B = Non-inter-level travel time spent in this place.
 C = Inter-level travel time spent in this place.
 D = Time resting spent in this place.
 E = Time spent auto-exploring this place.
 F = Levels seen in this place.
 G = Mean time per level.
                   A        B        C        D        E       F      G
               +--------+--------+--------+--------+--------+-----+--------+
         Total |   5215 |   4792 |    423 |      0 |      0 |  11 |  474.1 |
       Dungeon |   5112 |   4703 |    409 |      0 |      0 |  10 |  511.2 |
        Temple |    102 |     88 |     14 |      0 |      0 |   1 |  102.0 |
               +--------+--------+--------+--------+--------+-----+--------+

Top non-repeatable levels by time:
     D:6: 731 daAuts
     D:5: 699 daAuts
     D:9: 661 daAuts
     D:7: 584 daAuts
     D:1: 552 daAuts
     D:4: 492 daAuts
     D:8: 407 daAuts
     D:3: 391 daAuts
     D:2: 372 daAuts
    D:10: 218 daAuts
  Temple: 102 daAuts
